 Dungeon Crawl Stone Soup version 0.28-a0-793-g31680bbd8b (webtiles) character file.

Game seed: 12881492293779193827

16 demibob the Ruffian (level 2, 0/26 HPs)
             Began as a Ghoul Monk on Nov 4, 2021.
             Slain by an endoplasm (1 damage)
             ... on level 1 of the Dungeon.
             The game lasted 00:01:24 (126 turns).

demibob the Ruffian (Ghoul Monk)                     Turns: 126, Time: 00:01:24

Health: 0/26       AC:  2    Str: 14    XL:     2   Next: 54%
Magic:  1/1        EV: 12    Int:  5    God:
Gold:   0          SH:  0    Dex: 11    Spells: 1/1 levels left

rFire   . . .      SeeInvis .     - Unarmed
rCold   + . .      Faith    .   (no shield)
rNeg    + + +      Spirit   .   a - +0 robe
rPois   ∞          Reflect  .   (no helmet)
rElec   .          Harm     .   (no cloak)
rCorr   .          Rampage  .   (no gloves)
Will    .....                   (no boots)
Stlth   ++........              (no amulet)
HPRegen 0.00/turn               (no ring)
MPRegen 0.07/turn               (no ring)

@: inhibited regen, hasted, very quick
A: claws 1, cold resistance 1, negative energy resistance 3, inhibited
regeneration, torment resistance 2
a: no special abilities


You were on level 1 of the Dungeon.
You visited 1 branch of the dungeon, and saw 1 of its levels.


Innate Abilities, Weirdness & Mutations

You thrive by killing the living.
You are immune to poison.
You have sharp fingernails.
Your flesh is cold resistant. (rC+)
You are immune to negative energy. (rN+++)
You do not regenerate when monsters are visible.
You are immune to unholy pain and torment.


   Skills:
 - Level 3.2 Fighting
 - Level 2.6 Dodging
 - Level 2.1 Stealth
 + Level 4.2 Unarmed Combat


You had one spell level left.
You didn't know any spells.
Your spell library was empty.

Inventory:

Armour
 a - a +0 robe (worn)
Scrolls
 b - a scroll of identify {unknown}
 d - a scroll of teleportation {unknown}

Dungeon Overview and Level Annotations

Branches:
Dungeon (1/15)

Altars:

###..$...#.#...
.[..#.#[..#.# ########
#..# ......
.......#####.###.#.#
##.........#...†.J.#
....##.###.#.###.#....#
##.###.# #.#.###)# #..#
...###.# #.....#S# ##
....##.....##..#@#
....######.##KJ#J#
....# #.###g#.# ....#
#.# #.$...... ....# ...
....##### ....#
.......># .####
..r....## .# ......# .#
.......#


You could see 2 endoplasms and a ball python.


Message History

An endoplasm comes into view.
The endoplasm quivers.
You scratch the hobgoblin but do no damage.
The hobgoblin hits you.
* * * LOW HITPOINT WARNING * * *
You scratch the hobgoblin.
The hobgoblin is severely wounded.
You closely miss the hobgoblin.
The hobgoblin is severely wounded.
The hobgoblin hits you.
* * * LOW HITPOINT WARNING * * *
You barely miss the hobgoblin.
The hobgoblin is severely wounded.
The ball python hisses angrily.
The endoplasm quivers.
You scratch the hobgoblin.
You kill the hobgoblin!
Your extra speed is starting to run out.
Things that are here:
a +0 club; a goblin corpse You feel as though your hastened speed will last longer.
The endoplasm hits you.
* * * LOW HITPOINT WARNING * * *
Items here: ( ) ††.
You scratch the endoplasm but do no damage.
Unknown command.
You scratch the endoplasm.
The endoplasm is almost dead.
The endoplasm hits you.
You die...

Skill      XL: |  1  2 |
---------------+-------+-----
Unarmed Combat | 4 |  4.2
Fighting       | |  3.2
Dodging        | |  2.6
Stealth        | |  2.1

Action                   || total
-------------------------++-------
Melee: Unarmed           ||    36
  Use: Potion            ||     2
Armor: Robe              ||     4
Dodge: Dodged            ||    17

Levels and vault maps discovered:
D:1:      dpeg_arrival_leaves_temple_mockup, layout_basic

Notes
Turn   | Place    | Note
-------+----------+-------------------------------------------
     0 | D:1      | demibob the Ghoul Monk began the quest for the Orb.
     0 | D:1      | Reached XP level 1. HP: 19/19 MP: 0/0
    99 | D:1      | Reached XP level 2. HP: 5/26 MP: 1/1
   103 | D:1      | HP: 1/26 [kobold (4)]
   105 | D:1      | Reached skill level 4 in Unarmed Combat
   118 | D:1      | HP: 2/26 [hobgoblin (2)]
   124 | D:1      | HP: 1/26 [endoplasm (1)]
   126 | D:1      | Slain by an endoplasm

Vanquished Creatures
  A dart slug (D:1)
  A ball python (D:1)
  2 endoplasms (D:1)
  A goblin (D:1)
  3 hobgoblins (D:1)
  2 kobolds (D:1)
  2 rats (D:1)
12 creatures vanquished.

Table legend: (Time is in decaauts)
 A = Elapsed time spent in this place.
 B = Non-inter-level travel time spent in this place.
 C = Inter-level travel time spent in this place.
 D = Time resting spent in this place.
 E = Time spent auto-exploring this place.
 F = Levels seen in this place.
 G = Mean time per level.
                   A        B        C        D        E       F      G
               +--------+--------+--------+--------+--------+-----+--------+
         Total |    106 |    106 |      0 |      0 |     45 |   1 |  106.0 |
       Dungeon |    106 |    106 |      0 |      0 |     45 |   1 |  106.0 |
               +--------+--------+--------+--------+--------+-----+--------+

Top non-repeatable levels by time:
     D:1: 106 daAuts

Table legend:
 A = Non-vault XP
 B = Vault XP
 C = Vault XP percentage of total XP
 D = Non-vault monster count
 E = Vault monster count
 F = Vault count percentage of total count
                 A         B        C        D         E       F
            +---------+---------+-------+---------+---------+-------
      Total |      23 |       0 |   0.0 |      12 |       0 |   0.0
            +---------+---------+-------+---------+---------+-------
        D:1 |      23 |       0 |   0.0 |      12 |       0 |   0.0
            +---------+---------+-------+---------+---------+-------
